 Dungeon Crawl Stone Soup version 0.28-a0-445-g51f8dfeb47 (webtiles) character file.

Game seed: 12224686462180738612

214 Akmetra the Magician (level 6, -4/41 HPs)
             Began as a Djinni Fire Elementalist on Sept 13, 2021.
             Engulfed by a cloud of flame (6 damage)
             ... on level 3 of the Dungeon.
             The game lasted 00:14:39 (2857 turns).

Akmetra the Magician (Djinni Fire Elementalist)     Turns: 2857, Time: 00:14:40

Health: -4/41      AC:  4    Str:  7      XL:     6   Next: 15%
Gold:   203        EV: 12    Int: 19      God:
                   SH:  0    Dex:  7 (13)

rFire   + + .      SeeInvis .   n - staff of death
rCold   x . .      Faith    .   (no shield)
rNeg    + . .      Spirit   .   a - +0 robe
rPois   ∞          Reflect  .   q - +1 helmet
rElec   .          Harm     .   (no cloak)
rCorr   .          Rampage  .   (no gloves)
Will    .....                   (boots unavailable)
Stlth   ++........              (no amulet)
HPRegen 0.13/turn               (no ring)
MPRegen 0.00/turn               (no ring)

@: flying
A: sickness immunity, fire resistance 2, cold vulnerability 1, float, innate
caster, hp casting, extra vitality 1
a: no special abilities


You were on level 3 of the Dungeon.
You visited 1 branch of the dungeon, and saw 3 of its levels.

You collected 203 gold pieces.

Inventory:

Hand Weapons
 d - a +0 dagger
 j - a +0 hunting sling
Missiles
 k - 42 stones
Armour
 a - a +0 robe (worn)
 q - a +1 helmet (worn)
Magical Staves
 n - a staff of death (weapon)
Scrolls
 c - a scroll of identify {unknown}
 e - a scroll of amnesia {unknown}
 f - 2 scrolls of teleportation {unknown}
 l - a scroll of magic mapping {unknown}
 m - a scroll of noise {unknown}
Potions
 b - a potion of invisibility {unknown}
 h - 2 potions of lignification {unknown}
 i - a potion of flight {unknown}
 o - a potion of curing {unknown}
 p - a potion of haste {unknown}


   Skills:
 + Level 0.3 Fighting
 + Level 0.5 Short Blades
 + Level 3.3 Dodging
 + Level 2.2 Stealth
 + Level 0.1 Unarmed Combat
 + Level 4.2 Spellcasting


You couldn't memorise any spells.
You knew the following spells:

 Your Spells              Type           Power      Damage    Failure   Level
a - Foxfire               Conj/Fire      80%        2x1d8     2%          1
b - Scorch                Fire           40%        2d7       3%          2
c - Conjure Flame         Conj/Fire      20%        6-21      7%          3
d - Inner Flame           Hex/Fire       20%        N/A       7%          3
e - Flame Wave            Conj/Fire      20%        3d6       24%         4
f - Apportation           Tloc           40%        N/A       2%          1
g - Call Imp              Summ           20%        N/A       3%          2
Your spell library was empty.

Dungeon Overview and Level Annotations

Branches:
Dungeon (3/15)

Altars:

Annotations:
D:3 1 transporter, paps's ghost, amateur DsGl


Innate Abilities, Weirdness & Mutations

You are immune to sickness and miasma.
You are immune to poison.
Your flesh is very heat resistant. (rF++)
You are vulnerable to cold. (rC-)
You float through the air rather than walking.
You learn spells naturally, not from books.
Your magical power is your life essence.
You have superior vitality. (+4 HP)


Message History

Casting: Foxfire (safe; 2% risk of failure)
Confirm with . or Enter, or press ? or * to list all spells.
The fire begins to smoulder!
The foxfire hits the quasit.
The quasit completely resists.
The quasit is moderately wounded.
The quasit barely misses you.
The quasit claws you but does no damage. x2
The quasit bites you.
You feel clumsy.
The quasit claws you but does no damage. x2
Paps's ghost misses you.
The quasit bites you but does no damage.
The quasit closely misses you.
The quasit claws you but does no damage.
The quasit closely misses you.
The quasit claws you but does no damage. x2
The quasit bites you.
You feel clumsy.
The quasit claws you but does no damage. x2
Casting: Conjure Flame (dangerous; 7% risk of failure)
Confirm with . or Enter, or press ? or * to list all spells.
The fire ignites!
* * * LOW HITPOINT WARNING * * *
You are engulfed in blazing flames.
You resist.
* * * LOW HITPOINT WARNING * * *
Paps's ghost hits you but does no damage.
The quasit barely misses you. x3
The quasit bites you but does no damage.
The quasit closely misses you. The quasit barely misses you.
The quasit completely misses you. The quasit barely misses you.
The quasit claws you.
* * * LOW HITPOINT WARNING * * *
Casting: Conjure Flame (dangerous; 7% risk of failure)
Confirm with . or Enter, or press ? or * to list all spells.
You don't have enough health to cast this spell.
As you read the scroll labelled QIGERUILEINK, it crumbles to dust.
You assume a fearsome visage.
The quasit is unaffected.
Paps's ghost is unaffected.
The quasit is unaffected. x2
It was a scroll of fear.
You are engulfed in blazing flames.
You resist.
You die...

.................###.............
÷÷.....).....#####.##..#...#.....
............##..©...#............
#.....†....##...$#..##...........
#......#...#...#...# #...........
########...##..##.#. #.....#.....
......##...©#.#...#.##....#.<....
......##...##...55#$#.....#......
......####.# #@W=?#©....#......
..........†#.#..5#..#....>..)..##
...........##.#.....##...........
###.........#...#.#..#........)#.
............#...#.#..#.#.......#.
............#.......##.......####
............###...###........###.
..............#####...........##.
.......................##......#.


You could see 3 quasits and paps's ghost.

Vanquished Creatures
  A sky beast (D:3)
  A howler monkey (D:3)
  An adder (D:3)
  A worm (D:3)
  2 dart slugs (D:3)
  3 orcs (D:3)
  3 endoplasms
  2 giant cockroaches
  5 goblins
  4 hobgoblins
  2 kobolds (D:1)
  3 quokkas
  8 ball pythons
  12 bats
  9 rats
57 creatures vanquished.

Vanquished Creatures (others)
  164 foxfires
164 creatures vanquished.

Grand Total: 221 creatures vanquished

Notes
Turn   | Place    | Note
-------+----------+-------------------------------------------
     0 | D:1      | Akmetra the Djinni Fire Elementalist began the quest for
                  | the Orb.
     0 | D:1      | Reached XP level 1. HP: 15/15 MP: 0/0
   233 | D:1      | Reached XP level 2. HP: 16/21 MP: 0/0
   607 | D:1      | Reached skill level 3 in Spellcasting
   878 | D:1      | Reached XP level 3. HP: 24/25 MP: 0/0
   878 | D:1      | Learned a level 1 spell: Apportation
  1500 | D:2      | Found a faded altar of an unknown god.
  1939 | D:3      | Noticed paps's ghost (amateur DsGl)
  1960 | D:3      | Reached XP level 4. HP: 23/31 MP: 0/0
  2059 | D:3      | Found a transporter.
  2076 | D:3      | Reached XP level 5. HP: 28/35 MP: 0/0
  2076 | D:3      | Learned a level 2 spell: Call Imp
  2103 | D:3      | Noticed a sky beast
  2115 | D:3      | Killed a sky beast
  2116 | D:3      | Reached skill level 4 in Spellcasting
  2116 | D:3      | Reached XP level 6. HP: 29/41 MP: 0/0
  2666 | D:3      | Found a transporter.
  2856 | D:3      | HP: 2/41 [quasit (2)]
  2857 | D:3      | Engulfed by a cloud of flame

Illustrated notes

Levels and vault maps discovered:
D:1:      grunt_arrival_crossed_arrows, layout_basic
D:2:      layout_loops_ring, ebering_ecumenical_altar_ruins
D:3:      layout_basic, gammafunk_ghost_stat_death, minmay_joined_circles

Skill      XL: |  1  2  3  4  5 |
---------------+----------------+-----
Spellcasting   | 3 4 |  4.2
Dodging        | 3 |  3.3
Stealth        | 2 |  2.2
Fighting       | |  0.3
Short Blades   | |  0.5
Unarmed Combat | |  0.1

Action                   |  1- 3 |  4- 6 || total
-------------------------+-------+-------++-------
Melee: Unarmed           |     8 |       ||     8
       Dagger            |    34 |       ||    34
       Staff             |       |     1 ||     1
 Cast: Foxfire           |    51 |    49 ||   100
       Conjure Flame     |       |     2 ||     2
  Use: Scroll            |       |     1 ||     1
Armor: Robe              |    16 |    28 ||    44
Dodge: Dodged            |    45 |    28 ||    73

Table legend: (Time is in decaauts)
 A = Elapsed time spent in this place.
 B = Non-inter-level travel time spent in this place.
 C = Inter-level travel time spent in this place.
 D = Time resting spent in this place.
 E = Time spent auto-exploring this place.
 F = Levels seen in this place.
 G = Mean time per level.
                   A        B        C        D        E       F      G
               +--------+--------+--------+--------+--------+-----+--------+
         Total |   2855 |   2790 |     65 |      0 |   2335 |   3 |  951.7 |
       Dungeon |   2855 |   2790 |     65 |      0 |   2335 |   3 |  951.7 |
               +--------+--------+--------+--------+--------+-----+--------+

Top non-repeatable levels by time:
     D:1: 1205 daAuts
     D:3: 1016 daAuts
     D:2: 633 daAuts
